 Dungeon Crawl Stone Soup version 0.23.1-37-gaa34b87 (webtiles) character file.

Game seed: 1219031944002162842

213 Borgoz the Sneak (level 5, -2/41 HPs)
             Began as a Ghoul Enchanter on Mar 21, 2019.
             Slain by an orc wizard
             ... wielding a +0 dagger
              (3 damage)
             ... on level 3 of the Dungeon.
             The game lasted 00:04:31 (2745 turns).

Borgoz the Sneak (Ghoul Enchanter)                  Turns: 2745, Time: 00:04:32

Health: -2/41      AC:  4    Str:  9 (12) XL:     5   Next: 90%
Magic:  6/6        EV: 12    Int:  5 (10) God:
Gold:   184        SH:  0    Dex:  7 (10) Spells: 4/7 levels left

rFire    . . .     SeeInvis .   g - +0 short sword (vamp)
rCold    + . .     Gourm    .   (no shield)
rNeg     + + +     Faith    .   h - +0 leather armour
rPois    ∞         Spirit   .   (no helmet)
rElec    .         Reflect  .   (no cloak)
rCorr    .         Harm     .   l - +0 pair of gloves
MR       .....                  (no boots)
Stlth    +.........             (no amulet)
HPRegen  0.00/turn              (no ring)
MPRegen  0.10/turn              (no ring)

@: confused, rotting
A: rotting body, claws 1, carnivore, cold resistance 1, negative energy
resistance 3, inhibited regeneration, torment resistance, unbreathing
a: no special abilities


You were on level 3 of the Dungeon.
You were not hungry.

You visited 1 branch of the dungeon, and saw 3 of its levels.

You collected 184 gold pieces.

Inventory:

Hand Weapons
 g - a +0 vampiric short sword (weapon)
Armour
 h - a +0 leather armour (worn)
 l - a +0 pair of gloves (worn)
Scrolls
 e - 3 scrolls of identify {unknown}
 i - a scroll of fear {unknown}
 j - 2 scrolls of teleportation {unknown}
 k - a scroll of blinking {unknown}
Potions
 f - a potion of mutation
Comestibles
 d - 7 rations


   Skills:
 + Level 1.7 Fighting
 + Level 2.6 Short Blades
 + Level 2.0 Armour
 + Level 3.0 Dodging
 + Level 4.1 Stealth
 + Level 1.9 Spellcasting
 + Level 2.4 Hexes


You had 4 spell levels left.
You knew the following spells:

 Your Spells              Type           Power        Failure   Level  Hunger
a - Corona                Hex            #......      22%         1    ##.....
b - Ensorcelled Hibernat  Hex/Ice        #.....       50%         2    ###....

Your spell library contained the following spells:

 Spells                   Type           Power        Failure   Level  Hunger
 Confuse                  Hex            #.......     56%         3    ####...
 Tukima's Dance           Hex            #.......     56%         3    ####...
 Dazzling Spray           Conj/Hex       #.....       73%         3    ####...


Dungeon Overview and Level Annotations

Branches:
Dungeon (3/15)

Altars:
Elyvilon
Sif Muna
Uskayaw


Innate Abilities, Weirdness & Mutations

Your body is rotting away.
You thrive on raw meat.
You are immune to poison.
You have sharp fingernails.
You are carnivorous and can eat meat at any time.
Your flesh is cold resistant. (rC+)
You are immune to negative energy. (rN+++)
You do not regenerate when monsters are visible.
You are immune to unholy pain and torment.
You can survive without breathing.


Message History

Unknown command.
You're too confused!
You bump into the rock wall.
Something hits you but does no damage.
You bump into the rock wall.
An orc wizard appears from thin air!
Reactivating autopickup.
The orc wizard closely misses you.
You barely miss the orc wizard.
The orc wizard is severely wounded.
The orc wizard hits you with a +0 dagger.
* * * LOW HITPOINT WARNING * * *
Okay, then.
You're too confused!
Okay, then.
You're too confused!
Okay, then.
You bump into the rock wall.
The orc wizard hits you but does no damage.
You bump into the rock wall.
The orc wizard hits you with a +0 dagger.
You die...

###.##### #######........
#.........#.###
#.#####...#.###
#.............#
#.##.##...#..#÷ #####
#.##.#####.....
......#####..............
.....ooo@..............(.
.####.#####........##.##.
.. ............##. #. ...
#.###.............. ...
........#.####.. ..
###......#.# .... .
#......#.# ##.. .w.#....
.. ..


You could see an orc wizard (inner flame) and 2 orcs.

Vanquished Creatures
  An orc wizard (D:3)
  Jessica (D:2)
  Natasha (thrice) (D:2)
  2 adders (D:2)
  2 oozes
  2 dart slugs
  2 leopard geckos (D:2)
  3 orcs (D:3)
  A ball python (D:2)
  6 hobgoblins
  6 jackals
  2 quokkas
  7 bats
  A frilled lizard (D:1)
  6 goblins
  5 kobolds
  5 rats
55 creatures vanquished.

Notes
Turn   | Place    | Note
-------+----------+-------------------------------------------
     0 | D:1      | Borgoz the Ghoul Enchanter began the quest for the Orb.
     0 | D:1      | Reached XP level 1. HP: 14/14 MP: 2/2
   496 | D:1      | Reached XP level 2. HP: 14/20 MP: 3/3
   554 | D:1      | Learned a level 2 spell: Ensorcelled Hibernation
  1358 | D:2      | Reached XP level 3. HP: 16/26 MP: 4/4
  1447 | D:2      | Reached skill level 1 in Short Blades
  1447 | D:2      | Reached skill level 4 in Stealth
  1606 | D:2      | Noticed Natasha
  1620 | D:2      | Killed Natasha
  1620 | D:2      | Reached XP level 4. HP: 17/34 MP: 5/5
  1735 | D:2      | Noticed Jessica
  1753 | D:2      | Killed Jessica
  1753 | D:2      | Reached skill level 1 in Fighting
  1753 | D:2      | Reached skill level 1 in Armour
  1895 | D:2      | Noticed Natasha
  1907 | D:2      | Killed Natasha
  1907 | D:2      | Reached XP level 5. HP: 33/40 MP: 6/6
  2041 | D:2      | Noticed Natasha
  2051 | D:2      | Killed Natasha
  2331 | D:3      | Found a deep blue altar of Sif Muna.
  2492 | D:3      | Found a hide-covered altar of Uskayaw.
  2496 | D:3      | Found a white marble altar of Elyvilon.
  2743 | D:3      | HP: 1/41 [orc wizard/+0 dagger (5)]
  2745 | D:3      | Slain by an orc wizard

Skill      XL: |  1  2  3  4  5 |
---------------+----------------+-----
Dodging        | 2 3 |  3.0
Short Blades   | 1 2 |  2.6
Stealth        | 4 |  4.1
Fighting       | 1 |  1.7
Armour         | 1 2 |  2.0
Spellcasting   | |  1.9
Hexes          | |  2.4

Action                   |  1- 3 |  4- 6 || total
-------------------------+-------+-------++-------
Melee: Dagger            |    36 |       ||    36
       Short sword       |    82 |   232 ||   314
  Use: Potion            |       |     4 ||     4
       Scroll            |       |     1 ||     1
 Stab: Sleeping          |     6 |     2 ||     8
  Eat: Chunk             |    10 |    23 ||    33
Armor: Robe              |     2 |       ||     2
       Leather armour    |    28 |    78 ||   106
Dodge: Dodged            |    88 |   157 ||   245
